 Dungeon Crawl Stone Soup version 0.25.1-2-g60ff931df9 (webtiles) character file.

Game seed: 13961806142286094439

147 gruber the Stinger (level 5, 0/31 HPs)
             Began as an Octopode Venom Mage on Sept 22, 2020.
             Slain by an adder (1 damage)
             ... on level 2 of the Dungeon.
             The game lasted 00:01:52 (3740 turns).

gruber the Stinger (Octopode Venom Mage)            Turns: 3740, Time: 00:01:52

Health: 0/31       AC:  1    Str: 13    XL:     5   Next: 29%
Magic:  5/8        EV: 13    Int: 19    God:
Gold:   44         SH:  0    Dex: 12    Spells: 7/8 levels left

rFire    . . .     SeeInvis .   (no weapon)
rCold    . . .     Gourm    .   (no shield)
rNeg     . . .     Faith    .   (helmet restricted)
rPois    .         Spirit   .   (no amulet)
rElec    .         Reflect  .   d - +6 ring of strength
rCorr    .         Harm     .   (no ring)
MR       .....                  (no ring)
Stlth    +++.......             (no ring)
HPRegen  0.10/turn              (no ring)
MPRegen  0.11/turn              (no ring)
                                (no ring)
                                (no ring)

@: no status effects
A: almost no armour, stealthy swim, amphibious, 8 rings, constrict 8, camouflage
1, gelatinous body 1
a: no special abilities


You were on level 2 of the Dungeon.
You were not hungry.

You visited 1 branch of the dungeon, and saw 2 of its levels.

You collected 44 gold pieces.

Inventory:

Jewellery
 d - a +6 ring of strength (left tentacle)
Scrolls
 a - 2 scrolls of random uselessness {unknown}
 e - 5 scrolls of fear {unknown}
 f - a scroll of identify {unknown}
 g - a scroll of immolation {unknown}
 h - 2 scrolls of enchant weapon {unknown}
 i - 2 scrolls of remove curse {unknown}
 j - a scroll of fog {unknown}
 k - 2 scrolls of teleportation {unknown}
Potions
 c - a potion of curing
 l - a potion of ambrosia {unknown}
 m - a potion of magic {unknown}
 n - a potion of resistance {unknown}
Comestibles
 b - 5 rations


   Skills:
 - Level 2.0 Dodging
 - Level 2.6 Stealth
 - Level 2.0 Spellcasting
 - Level 1.0 Transmutations
 + Level 7.0 Poison Magic


You had 7 spell levels left.
You knew the following spells:

 Your Spells              Type           Power        Failure   Level  Hunger
a - Sting                 Tmut/Pois      ###.         3%          1    #......

Your spell library contained the following spells:

 Spells                   Type           Power        Failure   Level  Hunger
 Poisonous Vapours        Pois/Air       ###...       6%          2    ###....
 Olgreb's Toxic Radiance  Pois           ####....     10%         4    #####..
 Animate Skeleton         Necr           N/A          17%         1    #......
 Apportation              Tloc           #.....       17%         1    #......
 Corona                   Hex            #......      17%         1    #......
 Summon Small Mammal      Summ           #...         17%         1    #......
 Ignite Poison            Fire/Tmut/Pois ##......     17%         3    ###....
 Mephitic Cloud           Conj/Pois/Air  ##......     19%         3    ###....


Dungeon Overview and Level Annotations

Branches:
Dungeon (2/15)

Altars:


Innate Abilities, Weirdness & Mutations

You cannot wear most types of armour.
You are very stealthy in the water. (Stealth+)
You are amphibious.
You can wear up to eight rings at the same time.
You can use your tentacles to constrict eight enemies at once.
Your skin changes colour to match your surroundings (Stealth+).
Your rubbery body absorbs attacks. (AC +1, EV +1)


Message History

Confirm with . or Enter, or press ? or * to list all spells.
Aiming: Sting (safe; 3% risk of failure)
Press: ? - help, Shift-Dir - straight line, f/p - adder
Aim: an adder (moderately wounded, poisoned)
The sting misses the adder.
The sting misses the hobgoblin.
The bat hits you.
* * * LOW HITPOINT WARNING * * *
The adder barely misses you.
Unknown command.
Unknown command.
Casting: Sting (safe; 3% risk of failure)
Confirm with . or Enter, or press ? or * to list all spells.
Aiming: Sting (safe; 3% risk of failure)
Press: ? - help, Shift-Dir - straight line, f/p - adder
Aim: an adder (heavily wounded, poisoned)
The sting hits the adder.
The adder looks even sicker.
The adder is heavily wounded.
The adder bites you.
* * * LOW HITPOINT WARNING * * *
The bat closely misses you. The adder bites you.
You die...

.. .# .# ### g##
#.. .. #.# .#
####.###.#
#....@Sg.#
###.##b###.......
#......# .###.##
#.#.#### .#
#.#.######.#
#.#........#
#..#########
##.#.## #....####


You could see an adder (very poisoned), a hobgoblin and a bat.

Vanquished Creatures
  An orc priest (D:2)
  An orc wizard (D:2)
  2 adders (D:2)
  2 oozes (D:1)
  A worm (D:2)
  4 dart slugs
  3 leopard geckos
  3 orcs (D:2)
  6 goblins
  4 hobgoblins
  2 jackals (D:2)
  7 kobolds
  3 bats (D:1)
  5 frilled lizards
  6 rats
50 creatures vanquished.

Notes
Turn   | Place    | Note
-------+----------+-------------------------------------------
     0 | D:1      | gruber the Octopode Venom Mage began the quest for the Orb.
     0 | D:1      | Reached XP level 1. HP: 11/11 MP: 3/3
    75 | D:1      | Reached skill level 4 in Poison Magic
   501 | D:1      | Reached XP level 2. HP: 12/17 MP: 5/5
  1011 | D:1      | Reached XP level 3. HP: 8/21 MP: 2/6
  1014 | D:1      | Reached skill level 5 in Poison Magic
  2574 | D:2      | Reached XP level 4. HP: 13/27 MP: 5/7
  2831 | D:2      | Reached skill level 6 in Poison Magic
  3237 | D:2      | Reached XP level 5. HP: 19/31 MP: 1/8
  3238 | D:2      | Reached skill level 7 in Poison Magic
  3740 | D:2      | HP: 1/31 [adder (5)]
  3740 | D:2      | Slain by an adder

Illustrated notes

Levels and vault maps discovered:
D:1:      psy_arrival_conway, layout_loops_corners, minmay_split_cup_large
D:2:      layout_loops_corners, first_ration

Skill      XL: |  1  2  3  4  5 |
---------------+----------------+-----
Poison Magic   | 4 5 6 7 |  7.0
Dodging        | |  2.0
Stealth        | |  2.6
Spellcasting   | |  2.0
Transmutations | |  1.0

Action                   |  1- 3 |  4- 6 || total
-------------------------+-------+-------++-------
Melee: Unarmed           |    82 |    43 ||   125
       Constrict         |    24 |    10 ||    34
       Tentacles         |    13 |     7 ||    20
 Cast: Sting             |    19 |    14 ||    33
  Use: Potion            |       |     1 ||     1
 Stab: Sleeping          |     6 |     1 ||     7
  Eat: Chunk             |     5 |     2 ||     7
       Ration            |       |     1 ||     1
Armor: Skin              |     6 |     9 ||    15
Dodge: Dodged            |    69 |    49 ||   118
